 Dungeon Crawl Stone Soup version 0.16.1-28-gcc2312f (webtiles) character file.

702 gornard the Chopper (level 7, -1/59 HPs)
             Began as a Hill Orc Gladiator on May 31, 2015.
             Was a Believer of Trog.
             Slain by a gnoll
             ... wielding a +0 halberd
              (8 damage)
             ... on level 4 of the Dungeon.
             The game lasted 00:41:05 (4543 turns).

gornard the Chopper (Hill Orc Gladiator)            Turns: 4543, Time: 00:41:06

Health: -1/59      AC: 11    Str: 20    XL:     7   Next: 66%
Magic:  7/7        EV:  9    Int:  8    God:    Trog [**....]
Gold:   150        SH:  0    Dex: 11    Spells: 0 memorised, 6 levels left

rFire  . . .     SeeInvis .     u - +4 war axe (chop)
rCold  . . .     Clarity  .     z - +0 chain mail
rNeg   . . .     SustAb   +     (no shield)
rPois  .         Gourm    .     c - +0 helmet
rElec  .         Spirit   .     (no cloak)
rCorr  .         Warding  .     (no gloves)
rMut   .         Stasis   .     a - +0 pair of boots
MR     .....                    (no amulet)
Stlth  ..........               (no ring)
                                l - ring of sustain abilities

@: starving, not resistant to hostile enchantments, extremely unstealthy
A: no striking features
a: Burn Spellbooks, Berserk, Trog's Hand, Renounce Religion


You were on level 4 of the Dungeon.
You worshipped Trog.
Trog was pleased with you.
You were starving.

You visited 1 branch of the dungeon, and saw 5 of its levels.

You collected 150 gold pieces.

Inventory:

Hand weapons
 p - a +0 hunting sling
 s - a +2 long sword of holy wrath
 u - a +4 war axe of chopping (weapon)
 x - a cursed -3 hand crossbow
 C - a +2 hand axe of freezing
Missiles
 e - 40 stones
 m - 22 sling bullets
 r - 2 throwing nets
 t - 25 arrows
 w - 4 tomahawks (quivered)
 A - 24 exploding sling bullets
 D - 23 bolts
Armour
 a - a +0 pair of boots (worn)
 c - a +0 helmet (worn)
 z - a +0 chain mail (worn)
Jewellery
 l - a ring of sustain abilities (left hand)
Scrolls
 h - 3 scrolls of identify
 i - 2 scrolls of fear {unknown}
 j - 2 scrolls of teleportation {unknown}
 k - 2 scrolls of blinking {unknown}
 y - a scroll of immolation
 B - a scroll of enchant armour {unknown}
Potions
 b - a potion of resistance {unknown}
 v - a potion of curing
Comestibles
 f - 6 meat rations
 g - a royal jelly
 o - 2 fruits


   Skills:
 + Level 4.2 Fighting
 + Level 6.5 Axes
 + Level 4.6 Throwing
 + Level 3.6 Armour
 + Level 3.6 Dodging
 + Level 0.1 Stealth


You had 6 spell levels left.
You didn't know any spells.

Dungeon Overview and Level Annotations

Branches:
Dungeon (5/15)
 Temple: D:4-7

Altars:
Dithmenos
Ru
Trog


Message History

The adder skeleton bites you.
* * * LOW HITPOINT WARNING * * *
Found an escape hatch in the floor.
There is a stone staircase leading up here.
The adder skeleton bites you but does no damage.
You climb upwards.
The gnoll barely misses you. The gnoll barely misses you.
The gnoll barely misses you. The gnoll hits you.
* * * LOW HITPOINT WARNING * * *
The gnoll closely misses you. x2
There is a stone staircase leading down here.
The gnoll hits you but does no damage.
The gnoll hits you from afar with a spear.
* * * LOW HITPOINT WARNING * * *
The gnoll hits you with a halberd.
* * * LOW HITPOINT WARNING * * *
The gnoll hits you but does no damage. The gnoll hits you but does no damage.
The gnoll hits you but does no damage.
The gnoll hits you from afar with a halberd!
You die...

############# #... #...........#
#... #.#########.# ##### #...
##.#########.# #...# #...
..........##.# #...# #...
.#.#...##.##'###...# #...
.#.#.#.##.#.....g..# #...
.#.....##.#)......############...
...#............@.gg.g...........
.......#####'############.####...
.......# #.# #.# #...
.###+#'#####.######### #.# #...
.#....>............... #.# #...
.#.(<.....##.########. #.# #...
.)..............# #.# #...
######......<..># .. #.# ####
#..........# #.##'#######


You could see 4 gnolls.

Vanquished Creatures
  A gnoll sergeant (D:4)
  3 wights (D:4)
  2 hounds (D:4)
  3 gnoll shamans (D:4)
  2 worker ants (D:4)
  A hound skeleton (D:4)
  18 gnolls
  6 adders
  A worm (D:2)
  An ooze (D:3)
  4 orcs (D:3)
  2 giant cockroaches
  6 hobgoblins
  10 jackals
  A quokka (D:3)
  3 ball pythons (D:3)
  6 bats
  2 giant geckos
  5 giant newts
  8 goblins
  8 kobolds
  10 rats
  A fungus (D:3)
  3 plants (D:3)
107 creatures vanquished.

Notes
Turn   | Place    | Note
--------------------------------------------------------------
     0 | D:1      | gornard, the Hill Orc Gladiator, began the quest for the Orb.
     0 | D:1      | Reached XP level 1. HP: 18/18 MP: 1/1
   411 | D:1      | Reached XP level 2. HP: 18/25 MP: 2/2
  1097 | D:1      | Reached XP level 3. HP: 28/30 MP: 3/3
  1403 | D:2      | Found a bloodstained altar of Trog.
  1404 | D:2      | Found a sacrificial altar of Ru.
  1412 | D:2      | Became a worshipper of Trog the Wrathful
  1516 | D:2      | Reached skill level 1 in Armour
  2080 | D:2      | Reached XP level 4. HP: 22/37 MP: 4/4
  2540 | D:3      | Reached XP level 5. HP: 28/45 MP: 5/5
  2719 | D:3      | Found a glowing drain.
  2755 | D:3      | Acquired Trog's first power
  2755 | D:3      | Reached skill level 5 in Axes
  3010 | D:3      | Found a sacrificial altar of Ru.
  3706 | D:4      | Found a shadowy altar of Dithmenos.
  3803 | D:4      | Reached XP level 6. HP: 52/52 MP: 6/6
  4005 | D:4      | Reached XP level 7. HP: 31/59 MP: 7/7
  4305 | D:4      | Reached skill level 6 in Axes
  4306 | D:4      | Acquired Trog's second power
  4451 | D:4      | HP: 2/59 [gnoll/halberd (7)]
  4490 | D:5      | Entered Level 5 of the Dungeon
  4511 | D:4      | HP: 1/59 [gnoll/halberd (2)]
  4543 | D:4      | Slain by a gnoll

Action                   |  1- 3 |  4- 6 |  7- 9 || total
-------------------------+-------+-------+-------++-------
Melee: War axe           |   113 |   150 |    41 ||   304
Throw: Throwing net      |     9 |     3 |       ||    12
       Stone             |       |    14 |       ||    14
       Tomahawk          |       |    40 |       ||    40
Invok: Berserk           |       |       |     1 ||     1
  Use: Scroll            |     2 |     4 |       ||     6
       Potion            |     3 |     4 |     4 ||    11
  Eat: Chunk             |     4 |     4 |     1 ||     9
       Royal jelly       |       |     1 |       ||     1
